 Dungeon Sprint DCSS version 0.28.0-43-g3370ac3207 (webtiles) character file.

Game seed: 18423622141082907492

443 Mitsuki the Blocker (level 6, -10/64 HPs)
             Began as a Minotaur Fighter on Mar 12, 2022.
             Was an Initiate of the Shining One.
             Succumbed to Sonja's poison
             ... in the Dungeon (Sprint I: "Red Sonja").
             The game lasted 00:04:12 (800 turns).

Mitsuki the Blocker (Minotaur Fighter)               Turns: 800, Time: 00:04:12

Health: -10/64     AC:  8    Str: 22    XL:     6   Next: 71%
Magic:  5/5        EV:  9    Int:  5    God:    the Shining One [......]
Gold:   184        SH:  6    Dex: 10    Spells: 5/5 levels left

rFire   . . .      SeeInvis .   a - +0 long sword
rCold   . . .      Faith    .   c - +0 buckler
rNeg    . . .      Spirit   .   b - +0 scale mail
rPois   .          Reflect  .   (helmet restricted)
rElec   .          Harm     .   (no cloak)
rCorr   .          Rampage  .   (no gloves)
Will    .....      NoTele   +   (no boots)
Stlth   ..........              (no amulet)
HPRegen 0.20/turn               (no ring)
MPRegen 0.09/turn               (no ring)

@: mighty, lethally poisoned (-10 -> -62), glowing
A: horns 2, retaliatory headbutt
a: Renounce Religion


You were in the Dungeon.
You worshipped the Shining One.
The Shining One was noncommittal.
You visited 1 branch You collected 310 gold pieces.
You spent 126 gold pieces at shops.

Inventory:

Hand Weapons
 a - a +0 long sword (weapon)
Armour
 b - a +0 scale mail (worn)
 c - a +0 buckler (worn)
Wands
 k - a wand of paralysis (6)
Scrolls
 j - a scroll of blinking
Potions
 g - a potion of haste
 h - 2 potions of magic


   Skills:
 + Level 9.4 Fighting
 + Level 9.0 Long Blades
 + Level 9.4 Armour
 + Level 9.4 Shields
 + Level 0.0 Invocations


You had 5 spell levels left.
You didn't know any spells.
Your spell library was empty.

Dungeon Overview and Level Annotations

Branches:
Dungeon (1/1)

Altars:
Cheibriados
Dithmenos
Elyvilon
Fedhas
Gozag
Hepliaklqana
Kikubaaqudgha
Nemelex Xobeh
Okawaru
Qazlal
Ru
Sif Muna
Trog
Uskayaw
Vehumet
Wu Jian
Yredelemnul
Zin
The Shining One

Shops:
D !

Annotations:
D Sonja


Innate Abilities, Weirdness & Mutations

You have a pair of horns on your head.
You reflexively headbutt those who attack you in melee.


Message History

Sonja barely misses you.
Sonja hits you with a +1 dagger of venom.
You are more poisoned.
You block Sonja's attack.
Sonja hits you with a +1 dagger of venom.
You take 14 damage, and have 36/64 hp.
MASSIVE DAMAGE!!
You completely miss Sonja. Your headbutt misses Sonja.
You feel extremely sick.
Sonja hits you with a +1 dagger of venom.
You are more poisoned.
Sonja hits you with a +1 dagger of venom.
You are more poisoned.
Sonja hits you but does no damage.
You are more poisoned.
You take 14 damage, and have 22/64 hp.
MASSIVE DAMAGE!!
You slash Sonja!
Sonja is moderately wounded.
* * * LOW HITPOINT WARNING * * *
You feel extremely sick. You block Sonja's attack.
Sonja hits you with a +1 dagger of venom.
* * * LOW HITPOINT WARNING * * *
You are more poisoned.
Sonja hits you but does no damage.
You are more poisoned.
You take 16 damage, and have 6/64 hp.
MASSIVE DAMAGE!!
You feel much better.
* * * LOW HITPOINT WARNING * * *
You feel extremely sick.
Sonja says, "I'm academy-trained, you know."
You block Sonja's attack. Sonja barely misses you.
Sonja hits you but does no damage.
You are more poisoned.
Sonja casts a spell.
Sonja blinks!
You regained 8 hp, and now have 14/64 hp.
* * * LOW HITPOINT WARNING * * *
You feel extremely sick.
You take 13 damage, and have 1/64 hp.
MASSIVE DAMAGE!!
You die...

################
#<.#..').#..'..#
#..').#..').#..+
#..#####'#####'#
#..####..#...#.#
#..#__####.K##(#
#..#_____##'#_.+
#⌠⌠#_.∩...'@.._#
####_..__##_.#+#
#_____###'#
####### #.# $.$
#$.$# ##.## #+#


You could see Sonja.

Vanquished Creatures
  Sigmund (D)
  A yak (D)
  An ogre (D)
  A jelly (D)
  Ijyb (D)
5 creatures vanquished.

Notes
Turn   | Place    | Note
-------+----------+-------------------------------------------
     0 | D        | Mitsuki the Minotaur Fighter began the quest for the Orb.
     0 | D        | Reached XP level 1. HP: 19/19 MP: 0/0
     1 | D        | Noticed Ijyb
     9 | D        | Paralysed by Ijyb for 2 turns
    12 | D        | Paralysed by Ijyb for 3 turns
    16 | D        | Killed Ijyb
    17 | D        | Reached skill level 5 in Fighting
    17 | D        | Reached skill level 5 in Armour
    17 | D        | Reached skill level 5 in Shields
    17 | D        | Reached XP level 2. HP: 3/29 MP: 1/1
   304 | D        | Noticed an ogre
   310 | D        | Killed an ogre
   311 | D        | Reached skill level 5 in Long Blades
   311 | D        | Reached XP level 3. HP: 38/38 MP: 2/2
   311 | D        | Reached XP level 4. HP: 45/45 MP: 3/3
   361 | D        | Noticed Sigmund
   371 | D        | Killed Sigmund
   372 | D        | Reached XP level 5. HP: 21/53 MP: 4/4
   569 | D        | Found a shimmering blue altar of Sif Muna.
   570 | D        | Found an ornate altar of the Wu Jian Council.
   571 | D        | Found a radiant altar of Vehumet.
   576 | D        | Reached XP level 6. HP: 56/62 MP: 5/5
   597 | D        | Found Guhah's Distillery.
   597 | D        | Found an ancient bone altar of Kikubaaqudgha.
   597 | D        | Found a hazy altar of Hepliaklqana.
   597 | D        | Found a hide-covered altar of Uskayaw.
   597 | D        | Found a basalt altar of Yredelemnul.
   597 | D        | Found an opulent altar of Gozag.
   597 | D        | Found a snail-covered altar of Cheibriados.
   597 | D        | Found a sacrificial altar of Ru.
   597 | D        | Found a shadowy altar of Dithmenos.
   597 | D        | Noticed a yak
   605 | D        | Killed a yak
   606 | D        | Found a stormy altar of Qazlal.
   606 | D        | Found a blossoming altar of Fedhas.
   606 | D        | Found a bloodstained altar of Trog.
   606 | D        | Found an iron altar of Okawaru.
   606 | D        | Found a glowing golden altar of the Shining One.
   606 | D        | Found a glowing silver altar of Zin.
   606 | D        | Found a white marble altar of Elyvilon.
   607 | D        | Found a sparkling altar of Nemelex Xobeh.
   770 | D        | Bought a potion of might for 56 gold pieces
   770 | D        | Bought a potion of heal wounds for 70 gold pieces
   779 | D        | Became a worshipper of the Shining One
   789 | D        | Noticed Sonja
   799 | D        | HP: 1/64 [poisoned by Sonja]
   800 | D        | Succumbed to Sonja's poison

Illustrated notes

Levels and vault maps discovered:
D:        dungeon_sprint_1 [red_sonja_temple_1, red_sonja_temple_small_1]

Skill      XL: |  1  2  3  4  5  6 |
---------------+-------------------+-----
Fighting       | 5 6 8 9 |  9.4
Long Blades    | 4 5 7 8 9 |  9.0
Armour         | 5 6 8 9 |  9.4
Shields        | 5 6 8 9 |  9.4

Action                   |  1- 3 |  4- 6 || total
-------------------------+-------+-------++-------
Melee: Long sword        |    15 |    22 ||    37
       Headbutt          |     2 |     2 ||     4
  Use: Potion            |     2 |     4 ||     6
Armor: Scale mail        |     3 |    11 ||    14
Dodge: Dodged            |     3 |     8 ||    11
Block: Buckler           |     2 |     5 ||     7
